[Event "Thursday 25 January Rapid Engine Tour 12+1 Rounds 9 Starts 1600 ST"]
[Site "Infinity Chess"]
[Date "2018.1.25"]
[Round "6"]
[White "Satria_Ungu"]
[Black "IronMan"]
[Result "1/2-1/2"]
[ECO "A06"]
[WhiteElo "2357"]
[BlackElo "2395"]
[WhiteEngine "Houdini 6_CTG"]
[BlackEngine "Eman 1.58 64-bit BMI2"]
[EventType "Swiss"]
[WhiteTeam ""]
[BlackTeam ""]
[PlyCount "102"]
[TimeControl "720+1"]

1. Nf3 d5 2. d4 Nf6 3. c4 e6 4. Nc3 dxc4 5. Bg5 a6 6. a4 Nc6 7. e3 Na5 8. Nd2 c5 
9. dxc5 Bxc5 10. Bxc4 Bd7 11. O-O Be7 12. e4 Qc7 13. Ba2 Rd8 14. Qe2 Nc6 
15. Be3 Nb4 16. Bb3 Bc6 17. Nc4 Nd7 18. Qf3 O-O 19. Bf4 e5 20. Bg3 Kh8 
21. Rad1 f5 22. Nd5 Bxd5 23. exd5 Bd6 24. Qe2 Rfe8 25. Rfe1 f4 26. Nxd6 Qxd6 
27. Bh4 Rc8 28. f3 Nc5 29. Bc2 Nxc2 30. Qxc2 Nd7 31. Qb3 Rc7 32. Re2 b6 
33. Bf2 Rec8 34. Qd3 a5 35. g3 Rc4 36. Kg2 h6 37. Qf5 Rf8 38. Qe6 Qc7 
39. Be1 Rc2 40. Rdd2 Rc4 41. g4 Rf6 42. Qe8+ Rf8 43. Qg6 Qd8 44. Bf2 Rxa4 
45. Rc2 Rb4 46. Rc6 e4 47. Rxe4 Rxb2 48. Kg1 Rb1+ 49. Kg2 Rb2 50. Kg1 Rb1+ 
51. Kg2 Rb2 1/2-1/2

[Event "Thursday 25 January Rapid Engine Tour 12+1 Rounds 9 Starts 1600 ST"]
[Site "Infinity Chess"]
[Date "2018.1.25"]
[Round "6"]
[White "ivrdurant"]
[Black "Thinker"]
[Result "0-1"]
[ECO "C50"]
[WhiteElo "2380"]
[BlackElo "2422"]
[WhiteEngine "Raubfisch X37b3._CTG"]
[BlackEngine "BrainFish_180124_x64_modern_CTG"]
[EventType "Swiss"]
[WhiteTeam ""]
[BlackTeam ""]
[PlyCount "66"]
[TimeControl "720+1"]

1. e4 e5 2. Nf3 Nc6 3. Bc4 Bc5 4. O-O Nf6 5. d3 d6 6. c3 a5 7. Bg5 Ba7 
8. Nbd2 h6 9. Bh4 O-O 10. Re1 g5 11. Bg3 Nh7 12. h3 g4 13. hxg4 Bxg4 14. Qa4 Qf6 
15. Kh1 Qg7 16. Bb5 Nf6 17. Bxc6 bxc6 18. Qxc6 Rac8 19. Re2 Kh7 20. d4 Rg8 
21. Qa6 Bb6 22. Qd3 Be6 23. Rg1 Qg4 24. b3 a4 25. Nh2 Qg6 26. Nc4 Ba7 
27. Bh4 Ng4 28. Bg3 Nf6 29. Nf3 Qh5+ 30. Bh2 Ng4 31. Ne3 c5 32. d5 c4 
33. bxc4 Bd7 0-1

[Event "Thursday 25 January Rapid Engine Tour 12+1 Rounds 9 Starts 1600 ST"]
[Site "Infinity Chess"]
[Date "2018.1.25"]
[Round "6"]
[White "OlivierEvan"]
[Black "CrapCleaner"]
[Result "1/2-1/2"]
[ECO "C58"]
[WhiteElo "2383"]
[BlackElo "2432"]
[WhiteEngine "Houdini 6"]
[BlackEngine "komodo-11.2.2-64bit_CTG"]
[EventType "Swiss"]
[WhiteTeam ""]
[BlackTeam ""]
[PlyCount "141"]
[TimeControl "720+1"]

1. e4 e5 2. Nf3 Nc6 3. Bc4 Nf6 4. Ng5 d5 5. exd5 Na5 6. Bb5+ c6 7. dxc6 bxc6 
8. Bd3 Nd5 9. Nf3 Bd6 10. O-O Nf4 11. Re1 Nxd3 12. cxd3 O-O 13. Nc3 f6 
14. d4 exd4 15. Ne4 c5 16. b3 Bg4 17. Ba3 Rc8 18. h3 Bh5 19. Nxd6 Qxd6 
20. Qe2 Qb6 21. Qe4 Bf7 22. Rac1 Rfe8 23. Qf5 Be6 24. Qf4 Nb7 25. b4 Qa6 
26. Bb2 Qxa2 27. bxc5 Nxc5 28. Qxd4 Red8 29. Qe3 Qxb2 30. Rxc5 Qb6 31. Rxc8 Bxc8 
32. Ra1 Qxe3 33. fxe3 a6 34. Kf2 h5 35. Ke2 Bb7 36. h4 Be4 37. Ra3 Rd5 
38. Ne1 a5 39. d3 Bf5 40. e4 Bg4+ 41. Kd2 Re5 42. Ra2 Kf7 43. Ke3 Rb5 44. d4 Bd7 
45. Nd3 Rb3 46. Kd2 a4 47. Rc2 Bb5 48. Rc7+ Kg6 49. Rc3 Rb1 50. d5 Bxd3 
51. Kxd3 Kf7 52. Rc7+ Kf8 53. g3 Rd1+ 54. Ke2 Ra1 55. Ra7 a3 56. Kd3 a2 
57. Kc2 Re1 58. Rxa2 Rxe4 59. Kd3 Rg4 60. d6 Ke8 61. Ra7 Rxg3+ 62. Kd4 Rg1 
63. Kc5 Rc1+ 64. Kd5 g5 65. hxg5 fxg5 66. Re7+ Kd8 67. Rh7 Rd1+ 68. Kc6 Rc1+ 
69. Kd5 Rd1+ 70. Kc6 Rc1+ 71. Kd5 1/2-1/2

[Event "Thursday 25 January Rapid Engine Tour 12+1 Rounds 9 Starts 1600 ST"]
[Site "Infinity Chess"]
[Date "2018.1.25"]
[Round "6"]
[White "KhalidOmar"]
[Black "angriff"]
[Result "1-0"]
[ECO "A40"]
[WhiteElo "2447"]
[BlackElo "2412"]
[WhiteEngine "Eman 1.67a 64-bit BMI2"]
[BlackEngine "Stockfish SL FA POPCNT_CTG"]
[EventType "Swiss"]
[WhiteTeam ""]
[BlackTeam ""]
[PlyCount "175"]
[TimeControl "720+1"]

1. d4 c6 2. e4 d5 3. e5 c5 4. c3 Nc6 5. Be2 cxd4 6. cxd4 Bf5 7. Nf3 e6 
8. O-O Nge7 9. Be3 Bg4 10. Nbd2 Nf5 11. Qb3 Rb8 12. h3 Nxe3 13. Qxe3 Bf5 
14. a3 Be7 15. b4 Qb6 16. g4 Bg6 17. Rac1 O-O 18. Nb3 Rfc8 19. Nc5 Qd8 
20. Bb5 Qb6 21. Bd3 Bxd3 22. Qxd3 Qd8 23. Rc3 a6 24. Rfc1 Na7 25. Kg2 Rc7 
26. a4 h6 27. Qd2 Rbc8 28. a5 Qe8 29. Rb3 Kh8 30. Ng1 Qb5 31. Rb2 Qe8 
32. Ne2 Qg8 33. Rf1 Qh7 34. f4 g6 35. Rb3 Rg8 36. h4 Rb8 37. g5 Nb5 38. Rh1 h5 
39. f5 exf5 40. Nf4 Bxc5 41. bxc5 Rd7 42. Qb2 Qg7 43. Re1 Kh7 44. Rbe3 Rc8 
45. e6 fxe6 46. Nxe6 Qh8 47. Re5 Re8 48. Nf4 Rxe5 49. Rxe5 Qd8 50. Qd2 Nc7 
51. Qb4 Nb5 52. c6 Rf7 53. Re6 bxc6 54. Nxg6 c5 55. dxc5 Nc7 56. Rd6 Qe8 
57. Nf4 Rg7 58. Kf2 Qe5 59. Rh6+ Kg8 60. Qb8+ Qe8 61. Qb2 d4 62. Qxd4 Qe4 
63. Qxe4 fxe4 64. Nxh5 e3+ 65. Kxe3 Re7+ 66. Kd3 Re1 67. Nf6+ Kf8 68. Rh8+ Ke7 
69. Rh7+ Ke6 70. Rxc7 Kf5 71. Rd7 Rd1+ 72. Kc2 Ra1 73. c6 Ra2+ 74. Kc3 Ra3+ 
75. Kb4 Ra1 76. Rd5+ Kf4 77. c7 Rb1+ 78. Kc5 Rc1+ 79. Kb6 Rc2 80. Rc5 Rb2+ 
81. Kc6 Rb5 82. c8=Q Rxc5+ 83. Kxc5 Ke3 84. Kc4 Kf3 85. Qg4+ Kf2 86. Kd3 Kf1 
87. Ne4 Ke1 88. Qg1# 1-0

[Event "Thursday 25 January Rapid Engine Tour 12+1 Rounds 9 Starts 1600 ST"]
[Site "Infinity Chess"]
[Date "2018.1.25"]
[Round "6"]
[White "star99"]
[Black "MarioDeMonti"]
[Result "1/2-1/2"]
[ECO "D15"]
[WhiteElo "2425"]
[BlackElo "2424"]
[WhiteEngine "Cryptic AIL V2"]
[BlackEngine "stockfish_x64_bmi2_2018_01_13_CTG"]
[EventType "Swiss"]
[WhiteTeam ""]
[BlackTeam ""]
[PlyCount "115"]
[TimeControl "720+1"]

1. d4 d5 2. c4 c6 3. Nf3 Nf6 4. Nc3 e6 5. Bg5 h6 6. Bh4 dxc4 7. e4 g5 8. Bg3 b5 
9. Be2 Bb7 10. h4 g4 11. Ne5 Nbd7 12. Nxd7 Qxd7 13. Be5 Qe7 14. Bxg4 Rg8 
15. Bh3 b4 16. Ne2 Nxe4 17. Rc1 Rd8 18. Rxc4 Qxh4 19. g3 Qg5 20. Qc2 c5 
21. Bf4 Qg6 22. Bg2 Bd5 23. dxc5 Nxc5 24. Bxd5 Rxd5 25. Be3 Qxc2 26. Rxc2 Nd3+ 
27. Kf1 a5 28. Rc8+ Kd7 29. Ra8 Nxb2 30. Kg2 Nc4 31. Bxh6 Ke7 32. Rh4 Nb6 
33. Ra7+ Rd7 34. Bxf8+ Rxf8 35. Rxa5 Nd5 36. a3 Rb8 37. axb4 Nxb4 38. Nd4 Rxd4 
39. Rxd4 Nc6 40. Rda4 Nxa5 41. Rxa5 Kf6 42. g4 Rb4 43. Kf3 Rb3+ 44. Ke2 Rb2+ 
45. Kf3 Rb3+ 46. Ke2 e5 47. f3 Rb2+ 48. Kd3 Ke6 49. Ra6+ Kd5 50. Rf6 Rb3+ 
51. Ke2 Rb2+ 52. Kd3 Rb7 53. f4 Rb3+ 54. Ke2 exf4 55. Rxf4 Ke6 56. Kd2 f6 
57. Ke2 Ke5 58. Rf5+ 1/2-1/2

[Event "Thursday 25 January Rapid Engine Tour 12+1 Rounds 9 Starts 1600 ST"]
[Site "Infinity Chess"]
[Date "2018.1.25"]
[Round "6"]
[White "BraveDevil"]
[Black "Dovahkiin"]
[Result "1/2-1/2"]
[ECO "D31"]
[WhiteElo "2401"]
[BlackElo "2434"]
[WhiteEngine "Cryptic AIL V2"]
[BlackEngine "BrainFish_180113_x64_modern_CTG"]
[EventType "Swiss"]
[WhiteTeam ""]
[BlackTeam ""]
[PlyCount "88"]
[TimeControl "720+1"]

1. d4 d5 2. c4 e6 3. Nc3 c6 4. e4 dxe4 5. Nxe4 Bb4+ 6. Bd2 Qxd4 7. Bxb4 Qxe4+ 
8. Ne2 Na6 9. Bf8 Ne7 10. Bxg7 Nb4 11. Qd6 Nd3+ 12. Kd2 Nf5 13. Qxd3 Qxd3+ 
14. Kxd3 Nxg7 15. Kc3 b6 16. g3 Bb7 17. Bg2 O-O-O 18. b4 Kc7 19. Nf4 f6 
20. Rhe1 e5 21. Nd3 Rd4 22. f4 Rhd8 23. Rad1 Ba6 24. fxe5 Rxc4+ 25. Kb3 Ne6 
26. exf6 Nd4+ 27. Kb2 Rc2+ 28. Kb1 Bxd3 29. Re7+ Kb8 30. Rxd3 Rxg2 31. f7 Rf2 
32. Re8 Rc8 33. Rxc8+ Kxc8 34. Rxd4 Rxf7 35. Rh4 Kc7 36. a4 a5 37. bxa5 bxa5 
38. Kc2 Kb6 39. Kd1 Kc5 40. Kc2 Rf2+ 41. Kd3 Rf3+ 42. Kc2 Rf2+ 43. Kc3 Rf3+ 
44. Kc2 Rf2+ 1/2-1/2

[Event "Thursday 25 January Rapid Engine Tour 12+1 Rounds 9 Starts 1600 ST"]
[Site "Infinity Chess"]
[Date "2018.1.25"]
[Round "6"]
[White "Coco69"]
[Black "ocirema"]
[Result "1/2-1/2"]
[ECO "B90"]
[WhiteElo "2436"]
[BlackElo "2453"]
[WhiteEngine "Raubfisch X37b4_CTG"]
[BlackEngine "stockfish_18012314_x64_modern_CTG"]
[EventType "Swiss"]
[WhiteTeam ""]
[BlackTeam ""]
[PlyCount "125"]
[TimeControl "720+1"]

1. e4 c5 2. Nf3 d6 3. d4 cxd4 4. Nxd4 Nf6 5. Nc3 a6 6. Be3 e5 7. Nb3 Be6 
8. f3 h5 9. Qd2 Nbd7 10. Nd5 Nxd5 11. exd5 Bf5 12. Na5 Qc7 13. Rc1 Be7 
14. Bd3 Bxd3 15. cxd3 Qb8 16. d4 Bh4+ 17. g3 Bf6 18. dxe5 Nxe5 19. O-O O-O 
20. Kg2 Re8 21. Bb6 Re7 22. f4 Nd7 23. Nc4 Nxb6 24. Nxb6 Qe8 25. Rfe1 Rd8 
26. a4 Qf8 27. Rxe7 Qxe7 28. Re1 Qc7 29. Qf2 g6 30. a5 Kg7 31. Kf3 Kf8 
32. h3 Re8 33. Rxe8+ Kxe8 34. Qe1+ Kf8 35. Qd2 Kg8 36. g4 hxg4+ 37. hxg4 Bg7 
38. Qe2 Qd8 39. Qf2 g5 40. fxg5 Qxg5 41. Qe3 Qf6+ 42. Kg3 Qxb2 43. Qe8+ Bf8 
44. Nd7 Qc3+ 45. Kf2 Qd4+ 46. Kg3 Qd3+ 47. Kh4 Qh7+ 48. Kg3 Qh6 49. Kf3 Qh1+ 
50. Ke2 Qh2+ 51. Kd1 Qg1+ 52. Kc2 Qg2+ 53. Kb1 Qf1+ 54. Ka2 Qc4+ 55. Kb2 Qb5+ 
56. Kc2 Qc4+ 57. Kb1 Qb3+ 58. Kc1 Qc4+ 59. Kb1 Qb3+ 60. Ka1 Qc3+ 61. Kb1 Qb4+ 
62. Kc1 Qc4+ 63. Kb1 1/2-1/2

[Event "Thursday 25 January Rapid Engine Tour 12+1 Rounds 9 Starts 1600 ST"]
[Site "Infinity Chess"]
[Date "2018.1.25"]
[Round "6"]
[White "Wolle"]
[Black "Prometheus"]
[Result "1/2-1/2"]
[ECO "C11"]
[WhiteElo "2466"]
[BlackElo "2469"]
[WhiteEngine "Raubfisch X37a2_CTG"]
[BlackEngine "Eman 1.67-64bit-IDeA"]
[EventType "Swiss"]
[WhiteTeam ""]
[BlackTeam ""]
[PlyCount "104"]
[TimeControl "720+1"]

1. e4 e6 2. d4 d5 3. Nc3 Nf6 4. e5 Nfd7 5. f4 c5 6. Nf3 Be7 7. Be3 b6 8. Nb1 O-O 
9. c3 Ba6 10. Bxa6 Nxa6 11. O-O b5 12. dxc5 Naxc5 13. Qe2 a6 14. Nbd2 Rc8 
15. Rac1 Re8 16. Bd4 Nb8 17. Nb3 Ne4 18. Nfd2 Nxd2 19. Qxd2 Nc6 20. Bf2 Qc7 
21. Qe2 Na5 22. Nxa5 Qxa5 23. a3 Qc7 24. g4 Bc5 25. Rcd1 Qe7 26. Kg2 Bxf2 
27. Rxf2 Rc4 28. Rd4 a5 29. Qe3 h6 30. h3 Qc7 31. Rfd2 Rb8 32. Rxc4 Qxc4 
33. Rd4 Qb3 34. Qd2 Rc8 35. f5 Rc4 36. Qe2 Qa4 37. Qd2 Qb3 38. Qe2 a4 39. h4 Qa2 
40. Kf3 Rxd4 41. cxd4 Qb1 42. fxe6 fxe6 43. h5 Qh1+ 44. Kg3 b4 45. axb4 Qg1+ 
46. Kh4 Qxd4 47. Qb5 Kh7 48. Qe8 Qxb2 49. Qg6+ Kh8 50. Qe8+ Kh7 51. Qg6+ Kh8 
52. Qe8+ Kh7 1/2-1/2

[Event "Thursday 25 January Rapid Engine Tour 12+1 Rounds 9 Starts 1600 ST"]
[Site "Infinity Chess"]
[Date "2018.1.25"]
[Round "6"]
[White "neófito"]
[Black "SkyPilot"]
[Result "0-1"]
[ECO "D15"]
[WhiteElo "2424"]
[BlackElo "2474"]
[WhiteEngine "BrainFish_180124_x64_bmi2"]
[BlackEngine "stockfish_x64_bmi2_2018_01_13_CTG"]
[EventType "Swiss"]
[WhiteTeam ""]
[BlackTeam ""]
[PlyCount "296"]
[TimeControl "720+1"]

1. d4 d5 2. c4 c6 3. Nf3 Nf6 4. Nc3 e6 5. e3 Nbd7 6. Bd3 dxc4 7. Bxc4 b5 
8. Bd3 Bb7 9. O-O a6 10. e4 c5 11. d5 Qc7 12. dxe6 fxe6 13. Bc2 Bd6 14. Ng5 Nf8 
15. f4 O-O-O 16. Qe1 e5 17. Nd5 Bxd5 18. exd5 exf4 19. Bd2 Re8 20. Qf2 h6 
21. Ne6 Nxe6 22. dxe6 Kb7 23. Bf5 g6 24. Bxg6 Rxe6 25. a4 c4 26. Kh1 Bc5 
27. Qf3+ Qc6 28. Qxc6+ Kxc6 29. axb5+ axb5 30. Bc3 Rf8 31. Ra6+ Bb6 32. Rxf4 Rd8 
33. g3 Nd5 34. Be4 Kc5 35. Rh4 b4 36. Bg7 Kb5 37. Ra1 Ne3 38. Bf3 Bc5 
39. Rh5 Nc2 40. Rc1 Re1+ 41. Rxe1 Nxe1 42. Be2 Nd3 43. Rf5 b3 44. Bh5 Kb6 
45. Rf6+ Kb5 46. Rf5 Kb6 47. Rf6+ Ka5 48. Rf5 Kb5 49. Bc3 Nf2+ 50. Kg2 Ne4 
51. Be5 c3 52. bxc3 Rd2+ 53. Kf3 Nd6 54. Rf6 b2 55. c4+ Kb4 56. Bxb2 Rxb2 
57. Rxh6 Rxh2 58. Rh7 Kc3 59. Kg4 Nxc4 60. Kf5 Bd4 61. g4 Rf2+ 62. Ke4 Re2+ 
63. Kf5 Nd6+ 64. Kg5 Re5+ 65. Kh4 Ne4 66. Rc7+ Kb4 67. Bf7 Bf2+ 68. Kh3 Ng5+ 
69. Kg2 Re2 70. Kf1 Rd2 71. Rc4+ Kb5 72. Rf4 Bh4 73. Bb3 Rb2 74. Rf5+ Kc6 
75. Bg8 Kd6 76. Kg1 Nh3+ 77. Kf1 Ng5 78. Bd5 Rd2 79. Bg8 Ne4 80. Rf3 Ke5 
81. Rf5+ Kd6 82. Rf4 Ng3+ 83. Ke1 Ne4+ 84. Kf1 Ng3+ 85. Ke1 Rh2 86. Kd1 Bg5 
87. Rd4+ Ke5 88. Rd5+ Kf6 89. Rd6+ Kg7 90. Bc4 Ne4 91. Re6 Rd2+ 92. Ke1 Bh4+ 
93. Kf1 Ng3+ 94. Ke1 Ne4+ 95. Kf1 Rf2+ 96. Kg1 Ng5 97. Re7+ Kf6 98. Re2 Rf4 
99. Ba2 Rxg4+ 100. Kf1 Rf4+ 101. Kg2 Rf3 102. Re6+ Kf5 103. Re2 Rc3 104. Rb2 Kf6 
105. Rb6+ Ke7 106. Bb1 Re3 107. Rb2 Kf6 108. Rb6+ Ke5 109. Rb2 Nh3 110. Rb5+ Kd6 
111. Rf5 Rg3+ 112. Kh1 Ng1 113. Ba2 Nf3 114. Rd5+ Ke7 115. Rd1 Bg5 116. Bd5 Nh4 
117. Rb1 Kd6 118. Bb7 Rh3+ 119. Kg1 Be3+ 120. Kf1 Ng6 121. Rb5 Nf4 122. Ke1 Ne6 
123. Be4 Nd4 124. Rd5+ Ke6 125. Rd8 Rh2 126. Re8+ Kf6 127. Kf1 Rf2+ 128. Ke1 Rb2 
129. Kf1 Kg5 130. Bd5 Rf2+ 131. Ke1 Nc2+ 132. Kd1 Bf4 133. Rg8+ Kf5 
134. Bc4 Rd2+ 135. Kc1 Na3 136. Rf8+ Ke5 137. Re8+ Kd4 138. Bf7 Kc3 
139. Rc8+ Kb4 140. Rb8+ Nb5 141. Be8 Rh2+ 142. Kb1 Bxb8 143. Bxb5 Kxb5 
144. Kc1 Bf4+ 145. Kd1 Kc4 146. Ke1 Kd3 147. Kf1 Be3 148. Ke1 Rh1# 0-1

[Event "Thursday 25 January Rapid Engine Tour 12+1 Rounds 9 Starts 1600 ST"]
[Site "Infinity Chess"]
[Date "2018.1.25"]
[Round "6"]
[White "RonWeasley"]
[Black "hafaba"]
[Result "1/2-1/2"]
[ECO "B00"]
[WhiteElo "2515"]
[BlackElo "2466"]
[WhiteEngine "BrainFish 130117_CTG"]
[BlackEngine "Stockfish SL FA POPCNT_CTG"]
[EventType "Swiss"]
[WhiteTeam ""]
[BlackTeam ""]
[PlyCount "113"]
[TimeControl "720+1"]

1. e4 Nc6 2. Nc3 e5 3. g3 Bc5 4. Na4 d6 5. d3 f5 6. Nxc5 dxc5 7. Qh5+ g6 
8. Qe2 Nf6 9. Bg2 Nd4 10. Qd2 Be6 11. c3 Nc6 12. Nf3 Qd6 13. Ng5 Bg8 14. O-O h6 
15. Nf3 O-O-O 16. exf5 gxf5 17. Re1 Kb8 18. Qe2 Nd7 19. a3 Bb3 20. Bd2 a6 
21. c4 Bc2 22. Bf1 Ba4 23. Rab1 Bc2 24. Ra1 Rhe8 25. Bc3 Ba4 26. Nh4 f4 
27. b3 Bxb3 28. a4 Nb6 29. Reb1 Bxa4 30. Rxb6 cxb6 31. Rxa4 e4 32. dxe4 Nd4 
33. Qh5 Rxe4 34. Nf3 fxg3 35. hxg3 Qd7 36. Ra2 Qe8 37. Qxe8 Nxf3+ 38. Kg2 Nh4+ 
39. Kh3 Rdxe8 40. gxh4 Rf8 41. Bg2 Re7 42. Bb2 b5 43. cxb5 Rxf2 44. bxa6 Rfe2 
45. Bf3 bxa6 46. Bf6 Rxa2 47. Bxe7 c4 48. Bf8 h5 49. Bd6+ Ka7 50. Bxh5 c3 
51. Bg6 c2 52. Bf4 Ra4 53. Bc1 Kb7 54. Bg5 Rc4 55. Kg3 c1=Q 56. Bxc1 Rxc1 57. h5 
1/2-1/2

[Event "Thursday 25 January Rapid Engine Tour 12+1 Rounds 9 Starts 1600 ST"]
[Site "Infinity Chess"]
[Date "2018.1.25"]
[Round "6"]
[White "Time_bandit"]
[Black "Ninja_Bp"]
[Result "1/2-1/2"]
[ECO "A40"]
[WhiteElo "2485"]
[BlackElo "2443"]
[WhiteEngine "asmfish-popcnt-012018-W"]
[BlackEngine "Houdini 6_CTG"]
[EventType "Swiss"]
[WhiteTeam ""]
[BlackTeam ""]
[PlyCount "123"]
[TimeControl "720+1"]

1. d4 c6 2. e4 d5 3. e5 c5 4. dxc5 e6 5. a3 Bxc5 6. Nf3 Ne7 7. b4 Bb6 8. Bb2 O-O 
9. Bd3 Ng6 10. O-O Nc6 11. Re1 f6 12. exf6 gxf6 13. c4 dxc4 14. Bxc4 Qxd1 
15. Rxd1 Kg7 16. Nc3 e5 17. Nd5 Bg4 18. Nxb6 axb6 19. h3 Bxf3 20. Rd7+ Kh8 
21. gxf3 Nf4 22. Rad1 Rfd8 23. Kh2 Rxd7 24. Rxd7 Rc8 25. Ba2 Rd8 26. Rxd8+ Nxd8 
27. Bb1 Kg7 28. Bc1 b5 29. Bxf4 exf4 30. Bd3 Nc6 31. Bxb5 Nd4 32. Bd3 f5 
33. a4 Kf6 34. Kg1 h6 35. Kg2 Ke5 36. Kf1 Nc6 37. b5 Na5 38. Ke2 b6 39. Bc2 Kd4 
40. Bxf5 Nb3 41. Be4 Nc5 42. a5 bxa5 43. b6 a4 44. Kd1 a3 45. Kc1 Na4 46. b7 a2 
47. b8=Q a1=Q+ 48. Qb1 Qc3+ 49. Kd1 Nc5 50. h4 Qb3+ 51. Qxb3 Nxb3 52. h5 Kc3 
53. Bb1 Nd2 54. Be4 Nb3 55. Bb1 Na1 56. Ke2 Nc2 57. Kf1 Nd4 58. Kg2 Ne6 
59. Ba2 Nd4 60. Bb1 Ne6 61. Ba2 Nd4 62. Bb1 1/2-1/2

[Event "Thursday 25 January Rapid Engine Tour 12+1 Rounds 9 Starts 1600 ST"]
[Site "Infinity Chess"]
[Date "2018.1.25"]
[Round "5"]
[White "OlivierEvan"]
[Black "MarioDeMonti"]
[Result "1/2-1/2 "]
[ECO "E10"]
[WhiteElo "2381"]
[BlackElo "2426"]
[WhiteEngine "Houdini 6"]
[BlackEngine "stockfish_x64_bmi2_2018_01_13_CTG"]
[EventType "Swiss"]
[WhiteTeam ""]
[BlackTeam ""]
[PlyCount "139"]
[TimeControl "720+1"]

1. d4 Nf6 2. c4 e6 3. Nf3 d5 4. Nc3 c6 5. g3 dxc4 6. Bg2 b5 7. Ne5 Nd5 
8. e4 Nxc3 9. bxc3 Qc7 10. Qh5 Bd6 11. Ng4 Nd7 12. O-O a5 13. Bg5 b4 14. Rac1 b3 
15. f4 h6 16. Rce1 bxa2 17. Ra1 Rb8 18. Rxa2 Rb3 19. e5 Ba3 20. f5 Nb6 
21. fxe6 Bxe6 22. Bh3 Nd5 23. Raf2 Rb7 24. Ne3 Bxh3 25. Qxh3 Qd7 26. Nf5 Kf8 
27. Qh5 g6 28. Bxh6+ Kg8 29. Qg5 Ra7 30. h4 Be7 31. Nxe7+ Qxe7 32. Qd2 Qe6 
33. Bg5 a4 34. Qe2 Qh3 35. Rf3 a3 36. Qxc4 a2 37. Qxc6 Qe6 38. Qxe6 fxe6 
39. Ra1 Kh7 40. c4 Nb4 41. Rf2 Rc8 42. d5 exd5 43. c5 Kg8 44. e6 Re8 45. e7 Nd3 
46. Rc2 Nb4 47. Rd2 Ra3 48. Kg2 Ra5 49. Rb2 Nd3 50. Raxa2 Rxa2 51. Rxa2 Nxc5 
52. Rd2 Ne4 53. Rxd5 Kf7 54. Be3 Rxe7 55. Kf3 Nxg3 56. Bg5 Nf5 57. Bxe7 Nxe7 
58. Rd7 Kf6 59. Ra7 Nf5 60. Ra6+ Kg7 61. Kg4 Nh6+ 62. Kg5 Nf7+ 63. Kf4 Nh6 
64. Ra7+ Nf7 65. Kg4 Kg8 66. Rb7 Kf8 67. Kh3 Kg7 68. Rb2 Ne5 69. Rb6 Nf7 70. Rb7 
1/2-1/2

[Event "Thursday 25 January Rapid Engine Tour 12+1 Rounds 9 Starts 1600 ST"]
[Site "Infinity Chess"]
[Date "2018.1.25"]
[Round "5"]
[White "CrapCleaner"]
[Black "IronMan"]
[Result "1/2-1/2"]
[ECO "B00"]
[WhiteElo "2434"]
[BlackElo "2393"]
[WhiteEngine "komodo-11.2.2-64bit_CTG"]
[BlackEngine "Eman 1.58 64-bit BMI2"]
[EventType "Swiss"]
[WhiteTeam ""]
[BlackTeam ""]
[PlyCount "134"]
[TimeControl "720+1"]

1. e4 Nc6 2. d4 d5 3. e5 Bf5 4. Nf3 e6 5. Be2 f6 6. O-O Nge7 7. exf6 gxf6 
8. Nh4 Bg6 9. c3 Qd7 10. Nd2 Nf5 11. Nxg6 hxg6 12. b4 Bd6 13. h3 e5 14. b5 Nce7 
15. dxe5 Bxe5 16. Qc2 O-O-O 17. Nb3 Rh4 18. Rb1 Rdh8 19. Qd3 g5 20. Re1 b6 
21. Nd2 Ng6 22. Nf3 R4h7 23. Bd1 g4 24. Nxe5 Nxe5 25. Rxe5 fxe5 26. Bxg4 e4 
27. Qd1 Kb8 28. a4 Rg8 29. Bf4 Qf7 30. Qd2 Rh4 31. g3 Rgxg4 32. hxg4 Rxg4 
33. Rd1 d4 34. cxd4 e3 35. Qc3 exf2+ 36. Kf1 Qh7 37. Rc1 Nxg3+ 38. Bxg3 Rxg3 
39. Qxg3 Qh1+ 40. Kxf2 Qxc1 41. Qg8+ Kb7 42. Qg2+ Kb8 43. Qe4 Qd2+ 44. Kg3 Qd1 
45. Qe8+ Kb7 46. Qc6+ Kc8 47. Qa8+ Kd7 48. Qe4 Qg1+ 49. Kh3 Kd8 50. Kh4 Kc8 
51. d5 Qh2+ 52. Kg4 Qh8 53. Kg3 Qf8 54. Kg4 Qg7+ 55. Kf3 Kd8 56. Qe6 Qg5 
57. Qf7 Qe5 58. Kg4 Qe4+ 59. Kg5 Qe7+ 60. Qf6 Qxf6+ 61. Kxf6 Kd7 62. Ke5 Ke7 
63. Kf5 Kd7 64. Ke5 Kd8 65. Ke6 Ke8 66. d6 cxd6 67. Kxd6 Kd8 1/2-1/2

[Event "Thursday 25 January Rapid Engine Tour 12+1 Rounds 9 Starts 1600 ST"]
[Site "Infinity Chess"]
[Date "2018.1.25"]
[Round "5"]
[White "Satria_Ungu"]
[Black "ivrdurant"]
[Result "1/2-1/2"]
[ECO "D02"]
[WhiteElo "2356"]
[BlackElo "2381"]
[WhiteEngine "Houdini 6_CTG"]
[BlackEngine "Raubfisch X37b3._CTG"]
[EventType "Swiss"]
[WhiteTeam ""]
[BlackTeam ""]
[PlyCount "80"]
[TimeControl "720+1"]

1. d4 d5 2. Nf3 Nf6 3. c4 e6 4. Nc3 c6 5. e3 Nbd7 6. Bd3 dxc4 7. Bxc4 b5 
8. Be2 Bb7 9. O-O Be7 10. e4 b4 11. e5 bxc3 12. exf6 Bxf6 13. bxc3 c5 
14. dxc5 O-O 15. Ba3 Be7 16. Rb1 Bd5 17. Qd4 Rc8 18. c4 Bxf3 19. Bxf3 Bxc5 
20. Bxc5 Nxc5 21. Qe3 Qh4 22. Rfd1 Qxc4 23. Rbc1 Qb5 24. g3 Rc7 25. Qf4 Qa5 
26. Kg2 Rfc8 27. Rd4 h6 28. Rcd1 Re7 29. Qe3 Kh7 30. R1d2 Rcc7 31. Rc4 Nb7 
32. Rxc7 Rxc7 33. Bxb7 Rxb7 34. Qe4+ Kg8 35. Qxb7 Qxd2 36. Qxa7 Qd5+ 
37. Kg1 Qd1+ 38. Kg2 Qd5+ 39. Kg1 Qd1+ 40. Kg2 Qd5+ 1/2-1/2

[Event "Thursday 25 January Rapid Engine Tour 12+1 Rounds 9 Starts 1600 ST"]
[Site "Infinity Chess"]
[Date "2018.1.25"]
[Round "5"]
[White "Coco69"]
[Black "Thinker"]
[Result "1-0"]
[ECO "C50"]
[WhiteElo "2419"]
[BlackElo "2439"]
[WhiteEngine "Raubfisch X37b4_CTG"]
[BlackEngine "BrainFish_180124_x64_modern_CTG"]
[EventType "Swiss"]
[WhiteTeam ""]
[BlackTeam ""]
[PlyCount "142"]
[TimeControl "720+1"]

1. e4 e5 2. Nf3 Nc6 3. Bc4 Bc5 4. O-O Nf6 5. d3 d6 6. c3 a5 7. Bg5 Ba7 
8. Nbd2 h6 9. Bh4 g5 10. Bg3 O-O 11. Bb3 Nh7 12. Kh1 Qf6 13. Nc4 Qg7 14. Ne3 Nf6 
15. a4 Bd7 16. h3 Rae8 17. Qe2 Be6 18. Nd2 Qg6 19. Bc4 Kh7 20. Rae1 Bxe3 
21. fxe3 Bxc4 22. Nxc4 Nd7 23. Rb1 Ne7 24. Bh2 b6 25. b4 axb4 26. cxb4 Ra8 
27. Ra1 Qe6 28. Nd2 Nc6 29. b5 Ne7 30. d4 Ra7 31. Qd3 Kg7 32. Bg3 Re8 
33. Qc2 Ng6 34. Rf5 f6 35. Rff1 Ngf8 36. Kg1 Kh8 37. Ra3 Qg8 38. Nb1 Ne6 
39. Qd1 Qg6 40. Nc3 Raa8 41. Ra2 h5 42. Rc2 h4 43. Be1 exd4 44. exd4 Rg8 
45. Rf5 Rg7 46. Bf2 Rf7 47. Nd5 Ra7 48. Rc6 Ng7 49. Rf3 Qxe4 50. Nxc7 Nf5 
51. Na6 Rg7 52. Rc2 Ne7 53. Re3 Qf5 54. Nc7 Nf8 55. Ne8 Nd5 56. Rf3 Qe6 
57. Re2 Qf7 58. Nxg7 Kxg7 59. Re1 Ng6 60. Be3 Nxe3 61. Rexe3 Nf4 62. Kh2 f5 
63. Qc2 Kg6 64. Qc8 Rc7 65. Qd8 Rd7 66. Qxb6 Qa2 67. Rxf4 gxf4 68. Rf3 Qxa4 
69. Qc6 Qa7 70. Rxf4 Qb7 71. d5 Kg5 1-0

[Event "Thursday 25 January Rapid Engine Tour 12+1 Rounds 9 Starts 1600 ST"]
[Site "Infinity Chess"]
[Date "2018.1.25"]
[Round "5"]
[White "BraveDevil"]
[Black "KhalidOmar"]
[Result "1/2-1/2"]
[ECO "D31"]
[WhiteElo "2399"]
[BlackElo "2449"]
[WhiteEngine "Cryptic AIL V2"]
[BlackEngine "Eman 1.67a 64-bit BMI2"]
[EventType "Swiss"]
[WhiteTeam ""]
[BlackTeam ""]
[PlyCount "106"]
[TimeControl "720+1"]

1. d4 d5 2. c4 e6 3. Nc3 c6 4. e4 dxe4 5. Nxe4 Bb4+ 6. Bd2 Qxd4 7. Bxb4 Qxe4+ 
8. Ne2 Na6 9. Bf8 Ne7 10. Bxg7 Nb4 11. Qd6 Nd3+ 12. Kd2 Nf5 13. Qxd3 Qxd3+ 
14. Kxd3 Nxg7 15. Kc3 b6 16. g3 Bb7 17. Bg2 O-O-O 18. b4 Kc7 19. Nf4 f6 
20. Nd3 Rhe8 21. Rhe1 Nf5 22. Bh3 Nd4 23. f4 c5 24. bxc5 b5 25. cxb5 Nxb5+ 
26. Kd2 e5 27. fxe5 fxe5 28. Ke3 Rd4 29. Rf1 Re7 30. c6 Bxc6 31. Rac1 Re4+ 
32. Kd2 Rd4 33. Rf6 Rd6 34. Rxd6 Kxd6 35. Nb2 Bd5 36. Nc4+ Bxc4 37. Rxc4 Kd5 
38. Ra4 e4 39. Bg4 Kc5 40. Be2 e3+ 41. Kd3 Rd7+ 42. Kxe3 Re7+ 43. Re4 Rxe4+ 
44. Kxe4 Nc3+ 45. Kf3 Nxa2 46. Bd3 h6 47. Kg4 a5 48. Bc2 Nc3 49. h4 a4 
50. Bxa4 Nxa4 51. Kh5 Kd6 52. Kxh6 Nc5 53. h5 Ke5 1/2-1/2